 Dungeon Crawl Stone Soup version 0.30-a0-920-g7493c07aab (webtiles) character file.

Game seed: 16960327869409671350

4 cforsyth the Shield-Bearer (level 1, 0/18 HPs)
             Began as a Human Fighter on Mar 22, 2023.
             Slain by a quokka (1 damage)
             ... on level 1 of the Dungeon.
             The game lasted 00:00:09 (77 turns).

cforsyth the Shield-Bearer (Human Fighter)            Turns: 77, Time: 00:00:10

Health: 0/18       AC:  6    Str: 16    XL:     1   Next: 66%
Magic:  1/1        EV:  8    Int:  8    God:
Gold:   13         SH:  4    Dex: 12    Spells: 0/0 levels left

rFire   . . .      SeeInvis .    a - +0 flail
rCold   . . .      Faith    .    c - +0 buckler
rNeg    . . .      Spirit   .    b - +0 scale mail
rPois   .          Reflect  .    (no helmet)
rElec   .          Rampage  .    (no cloak)
rCorr   .                        (no gloves)
Will    .....                    (no boots) Stlth
                                 (no amulet)
HPRegen 0.23/turn                (no ring)
MPRegen 0.07/turn                (no ring)

@: no status effects
A: no striking features
a: no special abilities


You were on level 1 of the Dungeon.
You visited 1 branch of the dungeon, and saw 1 of its levels.

You collected 13 gold pieces.

Inventory:

Hand Weapons
 a - a +0 flail (weapon)
Armour
 b - a +0 scale mail (worn)
 c - a +0 buckler (worn)
Potions
 d - a potion of might


   Skills:
 + Level 3.0 Fighting
 + Level 2.1 Maces & Flails
 + Level 3.0 Armour
 + Level 3.0 Shields


You couldn't memorise any spells.
You didn't know any spells.
Your spell library was empty.

Dungeon Overview and Level Annotations

Branches:
Dungeon (1/15)

Altars:


Message History

You barely miss the quokka.
The quokka is almost dead.
You block the quokka's attack. The quokka bites you. x2
The kobold hits you with a +0 dagger.
* * * LOW HITPOINT WARNING * * *
You are too injured to fight recklessly!
You are too injured to fight recklessly!
You are too injured to fight recklessly!
You are too injured to fight recklessly!
You are too injured to fight recklessly!
You are too injured to fight recklessly!
You are too injured to fight recklessly!
You are too injured to fight recklessly!
You are too injured to fight recklessly!
You hit the quokka but do no damage.
The quokka is almost dead.
The quokka bites you but does no damage.
You block the quokka's attack. The kobold closely misses you.
The quokka bites you but does no damage.
The quokka barely misses you.
Unknown command.
You closely miss the quokka.
The quokka is almost dead.
The kobold hits you but does no damage. The quokka barely misses you.
The quokka bites you but does no damage.
You block the kobold's attack. The quokka barely misses you.
You hit the quokka.
You kill the quokka!
The quokka bites you but does no damage.
The quokka barely misses you. The kobold hits you but does no damage.
You closely miss the kobold. The quokka bites you.
* * * LOW HITPOINT WARNING * * *
The kobold closely misses you. You block the quokka's attack.
You barely miss the kobold. The kobold hits you with a +0 dagger.
* * * LOW HITPOINT WARNING * * *
The quokka bites you but does no damage.
The kobold hits you but does no damage.
You closely miss the kobold. You block the quokka's attack.
The kobold barely misses you. The quokka bites you.
You die...

##########....
..............
...........##
#..!.......
#....>.!#
#.......#####
#.....).....#
########.(..@K...#
.............r.#....
........).....# #
#######..........#
##.....##..########
##.......##...#
#.........#'#.#
...........##..#
............##..#


You could see a quokka and a kobold.

Vanquished Creatures
  An endoplasm (D:1)
  A quokka (D:1)
  2 kobolds (D:1)
4 creatures vanquished.

Notes
Turn   | Place    | Note
-------+----------+-------------------------------------------
     0 | D:1      | cforsyth the Human Fighter began the quest for the Orb.
     0 | D:1      | Reached XP level 1. HP: 18/18 MP: 1/1
    77 | D:1      | Slain by a quokka

Illustrated notes

Levels and vault maps discovered:
D:1:      lemuel_arrival_rhombus, layout_rooms

Action                     || total
---------------------------++-------
  Melee: Flail             ||    22
 Armour: Scale mail        ||    22
  Dodge: Dodged            ||    15
  Block: Buckler           ||    12

Table legend: (Time is in decaauts)
 A = Elapsed time spent in this place.
 B = Non-inter-level travel time spent in this place.
 C = Inter-level travel time spent in this place.
 D = Time resting spent in this place.
 E = Time spent auto-exploring this place.
 F = Levels seen in this place.
 G = Mean time per level.
                   A        B        C        D        E       F      G
               +--------+--------+--------+--------+--------+-----+--------+
         Total |     84 |     84 |      0 |      0 |     47 |   1 |   84.0 |
       Dungeon |     84 |     84 |      0 |      0 |     47 |   1 |   84.0 |
               +--------+--------+--------+--------+--------+-----+--------+

Top non-repeatable levels by time:
     D:1: 84 daAuts
